 Dungeon Crawl Stone Soup version 0.28.0-53-g5a82cb258f (webtiles) character file.

Game seed: 6560810295098402067

47 unlimited1921 the Magician (level 3, -2/25 HPs)
             Began as a Djinni Fire Elementalist on July 21, 2022.
             Killed from afar by a white imp (12 damage)
             ... with a puff of frost
             ... summoned by Natasha
             ... on level 2 of the Dungeon.
             The game lasted 00:03:26 (2307 turns).

unlimited1921 the Magician (DjFE)                   Turns: 2307, Time: 00:03:30

Health: -2/25      AC:  2    Str:  7    XL:     3   Next: 97%
Gold:   54         EV: 12    Int: 18    God:
                   SH:  0    Dex: 13

rFire   + + .      SeeInvis .   d - +2 dagger (venom)
rCold   x . .      Faith    .   (no shield)
rNeg    . . .      Spirit   .   a - +0 robe
rPois   ∞          Reflect  .   (no helmet)
rElec   .          Harm     .   (no cloak)
rCorr   .          Rampage  .   (no gloves)
Will    .....                   (boots unavailable)
Stlth   ++........              (no amulet)
HPRegen 0.08/turn               (no ring)
MPRegen 0.00/turn               (no ring)

@: flying
A: sickness immunity, fire resistance 2, cold vulnerability 1, float, innate
caster, HP casting, extra vitality 1
a: no special abilities


You were on level 2 of the Dungeon.
You visited 1 branch of the dungeon, and saw 2 of its levels.

You collected 54 gold pieces.

Inventory:

Hand Weapons
 c - a +0 mace
 d - a +2 dagger of venom (weapon)
Missiles
 b - 20 stones
 f - 40 bolts
Armour
 a - a +0 robe (worn)
Scrolls
 g - a scroll of fear {unknown}
Potions
 e - a potion of brilliance {unknown}
 h - a potion of heal wounds {unknown}


   Skills:
 + Level 0.1 Fighting
 + Level 2.3 Dodging
 + Level 1.8 Stealth
 + Level 3.4 Spellcasting


You couldn't memorise any spells.
You knew the following spells:

 Your Spells              Type           Power      Damage    Failure   Level
a - Foxfire               Conj/Fire      60%        2x1d7     3%          1
b - Scorch                Fire           30%        2d7       6%          2
c - Conjure Flame         Conj/Fire      15%        6-21      12%         3
d - Inner Flame           Hex/Fire       15%        N/A       12%         3
e - Flame Wave            Conj/Fire      15%        2d6       36%         4
f - Shock                 Conj/Air       60%        1d6       3%          1
Your spell library was empty.

Dungeon Overview and Level Annotations

Branches:
Dungeon (2/15)

Altars:

Annotations:
D:2 Natasha


Innate Abilities, Weirdness & Mutations

You are immune to sickness and miasma.
You are immune to poison.
Your flesh is very heat resistant. (rF++)
You are vulnerable to cold. (rC-)
You float through the air rather than walking.
You learn spells naturally, not from books.
Your magical power is your life essence.
You have superior vitality. (+4 MHP)


Message History

Natasha is lightly wounded.
Natasha's fire resistance burns away.
The ball python hisses angrily.
The adder hisses angrily.
A rat comes into view.
Casting: Scorch (safe; 6% risk of failure)
Confirm with . or Enter, or press ? or * to list all spells.
You miscast Scorch.
You are very lightly contaminated with residual magic.
Nothing appears to happen.
Natasha casts a spell at you. You resist with some effort.
Casting: Scorch (safe; 6% risk of failure)
Confirm with . or Enter, or press ? or * to list all spells.
Flames lash Natasha.
Natasha is burned terribly!
Natasha is severely wounded.
Natasha barely misses you.
Casting: Scorch (safe; 6% risk of failure)
Confirm with . or Enter, or press ? or * to list all spells.
Flames lash the rat.
You kill the rat!
Natasha mumbles some strange words.
Casting: Scorch (safe; 6% risk of failure)
Confirm with . or Enter, or press ? or * to list all spells.
Flames lash the ball python.
You kill the ball python!
Natasha drinks a potion.
Natasha flickers and vanishes!
Deactivating autopickup; reactivate with Ctrl-A.
The crimson imp blinks!
Something claws you.
You hear some strange, mumbled words.
Your magical contamination has completely faded away.
You hit the white imp but do no damage. The white imp closely misses you.
Casting: Scorch (safe; 6% risk of failure)
Confirm with . or Enter, or press ? or * to list all spells.
Flames lash the white imp.
The white imp is burned terribly!
The white imp is severely wounded.
The white imp's fire resistance burns away.
The white imp gestures at you. The puff of frost hits you!
You feel a terrible chill!
You die...

..† #'# #.#
#5#####
#.S...#
#####S# #5#
#####.#######
#....@......#
#.###.#####.#
#.# #.#
#.###.#.#
#.......#
#...#.###
#.#.#.#
#.#.#.# #.#<#


You could see an adder and a white imp (summoned, combustible).

Vanquished Creatures
  An adder (D:2)
  A dart slug (D:1)
  5 bats (D:1)
  2 endoplasms (D:1)
  2 giant cockroaches (D:1)
  4 goblins (D:1)
  5 hobgoblins (D:1)
  2 quokkas (D:1)
  3 ball pythons
  5 kobolds (D:1)
  5 rats
35 creatures vanquished.

Vanquished Creatures (others)
  77 foxfires (D:1)
77 creatures vanquished.

Grand Total: 112 creatures vanquished

Notes
Turn   | Place    | Note
-------+----------+-------------------------------------------
     0 | D:1      | unlimited1921 the Djinni Fire Elementalist began the quest
                  | for the Orb.
     0 | D:1      | Reached XP level 1. HP: 15/15 MP: 0/0
   195 | D:1      | Reached XP level 2. HP: 19/21 MP: 0/0
   644 | D:1      | Reached skill level 3 in Spellcasting
   922 | D:1      | Reached XP level 3. HP: 22/25 MP: 0/0
   922 | D:1      | Learned a level 1 spell: Shock
  2291 | D:2      | Noticed Natasha
  2307 | D:2      | Killed from afar by a white imp

Illustrated notes

Levels and vault maps discovered:
D:1:      dpeg_arrival_rhombi, layout_basic, minmay_curled_crystal,
          roderic_roman_lattice
D:2:      layout_basic, serial_shops, nicolae_lakefront_shop,
          hangedman_decor_diamond_cutter, uniq_natasha

Skill      XL: |  1  2 |
---------------+-------+-----
Spellcasting   | 3 |  3.4
Fighting       | |  0.1
Dodging        | |  2.3
Stealth        | |  1.8

Action                   || total
-------------------------++-------
Melee: Dagger            ||     2
 Cast: Foxfire           ||    52
       Scorch            ||    13
Armor: Robe              ||     4
Dodge: Dodged            ||    13
